 Dungeon Crawl Stone Soup version 0.24.1 (webtiles) character file.

Game seed: 1636906644439480662, levelgen mode: deterministic

30 Iscandelvey the Charmwright (level 3, 22/27 HPs)
             Began as a Demonspawn Skald on Apr 2, 2020.
             Quit the game on level 2 of the Dungeon.
             The game lasted 00:01:02 (1153 turns).

Iscandelvey the Charmwright (Demonspawn Skald)      Turns: 1153, Time: 00:01:02

Health: 22/27      AC:  3    Str: 11    XL:     3   Next: 5%
Magic:  6/6        EV: 12    Int: 15    God:
Gold:   77         SH:  0    Dex: 12    Spells: 5/6 levels left

rFire    . . .     SeeInvis .   a - +0 spear
rCold    . . .     Gourm    .   (no shield)
rNeg     . . .     Faith    .   b - +0 leather armour
rPois    .         Spirit   .   (no helmet)
rElec    .         Reflect  .   (no cloak)
rCorr    .         Harm     .   (no gloves)
MR       .....                  (no boots)
Stlth    +.........             (no amulet)
HPRegen  0.09/turn              (no ring)
MPRegen  0.10/turn              (no ring)

@: no status effects
A: hooves 1, spiny 1
a: no special abilities


You were on level 2 of the Dungeon.
You were hungry.

You visited 1 branch of the dungeon, and saw 2 of its levels.

You collected 77 gold pieces.

Inventory:

Hand Weapons
 a - a +0 spear (weapon)
Armour
 b - a +0 leather armour (worn)
Scrolls
 c - 3 scrolls of enchant weapon {unknown}
 f - 3 scrolls of amnesia {unknown}
 g - 2 scrolls of noise {unknown}
 h - a scroll of identify {unknown}
 i - a scroll of random uselessness {unknown}
Potions
 e - a potion of magic {unknown}
 j - 2 potions of curing {unknown}
Comestibles
 d - 4 rations


   Skills:
 + Level 2.2 Fighting
 + Level 2.1 Polearms
 + Level 1.1 Armour
 + Level 2.0 Dodging
 + Level 2.0 Spellcasting
 + Level 3.2 Charms


You had 5 spell levels left.
You knew the following spells:

 Your Spells              Type           Power        Failure   Level  Hunger
a - Infusion              Chrm           ##..         8%          1    #......

Your spell library contained the following spells:

 Spells                   Type           Power        Failure   Level  Hunger
 Song of Slaying          Chrm           ##......     12%         2    ###....
 Shroud of Golubria       Chrm/Tloc      #.....       22%         2    ###....
 Regeneration             Chrm/Necr      #.........   41%         3    ###....
 Spectral Weapon          Hex/Chrm       #.......     41%         3    ###....


Dungeon Overview and Level Annotations

Branches:
Dungeon (2/15)

Altars:


Innate Abilities, Weirdness & Mutations

You have large cloven feet.
You are partially covered in sharp spines.


Message History

Attack whom?
Press: ? - help, Dir - move target cursor, f/p - bat
Aim: a bat (moderately wounded)
You reach to attack!
You hit the bat.
You kill the bat!
A hobgoblin is nearby!
You barely miss the hobgoblin. You kick the hobgoblin.
The hobgoblin is almost dead.
The hobgoblin hits you.
A hobgoblin is nearby!
You hit the hobgoblin.
You kill the hobgoblin!
There is an open door here.
You see here a hobgoblin corpse.
As you open the door, it creaks loudly!
A ball python comes into view.
The ball python hisses angrily.
There is an open door here.
A ball python is nearby!
Are you sure you want to abandon this character and quit the game? (Confirm with "yes".)

##.### ##.....## ##...# #.†#.##
##.......## ##.#.##
###.#...####.........####....##
...........†.........+......#.##
###.....####†........###†..###.#
###..[# ##.......## #.#.(#.##
##.## ##.....## #<###.## #.#
##...## #.# ### #.# ##@## #.#
#.# #S# #.# #.# #.# #.# .#. #.#
# # ..# ###


You could see a ball python.

Vanquished Creatures
  3 goblins (D:1)
  5 hobgoblins
  5 jackals
  4 bats
  3 frilled lizards (D:1)
  5 kobolds (D:1)
  4 rats
29 creatures vanquished.

Notes
Turn   | Place    | Note
-------+----------+-------------------------------------------
     0 | D:1      | Iscandelvey the Demonspawn Skald began the quest for the
                  | Orb.
     0 | D:1      | Reached XP level 1. HP: 16/16 MP: 3/3
   162 | D:1      | Gained mutation: You have large cloven feet. [demonic
                  | ancestry]
   162 | D:1      | Reached XP level 2. HP: 7/22 MP: 5/5
   174 | D:1      | HP: 1/22 [jackal (1)]
   176 | D:1      | Reached skill level 3 in Charms
   546 | D:1      | Reached skill level 1 in Armour
  1132 | D:2      | Gained mutation: You are partially covered in sharp spines.
                  | [demonic ancestry]
  1132 | D:2      | Reached XP level 3. HP: 23/27 MP: 6/6
  1153 | D:2      | Quit the game

Levels and vault maps discovered:
D:1:      lemuel_arrival_lava_pool, layout_basic, serial_glass, glass_columns_b,
          glass_columns_b
D:2:      layout_loops_corners, lemuel_doored_altar,
          grunt_dithmenos_smoke_and_mirrors, lemuel_round_altar

Skill      XL: |  1  2 |
---------------+-------+-----
Dodging        | 2 |  2.0
Charms         | 3 |  3.2
Armour         | 1 |  1.1
Polearms       | 2 |  2.1
Fighting       | |  2.2
Spellcasting   | |  2.0

Action                   || total
-------------------------++-------
Melee: Spear             ||   122
       Kick              ||     9
Armor: Leather armour    ||    34
Dodge: Dodged            ||    62
